TOP OF THE 1ST |
Pittsburgh Pirates batting - Pitching for Chicago Cubs : RHP Chris Ishii
|
Pitching: RHP Chris Ishii
|
|
Batting: RHB Andrew Robinson
|
0-0: Swinging Strike 0-1: Ball 1-1: Ground out 5-3 (Groundball, 56S, EV 75.6 MPH)
|
Batting: RHB Eisse Bravenboer
|
0-0: Called Strike 0-1: Ball 1-1: DOUBLE (Line Drive, 89M, EV 90.0 MPH)
|
Batting: SHB Marvin McAleer
|
0-0: Fly out, F7 (Flyball, 7S, EV 83.1 MPH)
|
Batting: RHB Steve Jordan
|
0-0: Ball 1-0: Ball 2-0: Called Strike 2-1: SINGLE (Groundball, 6MS, EV 67.5 MPH) (infield hit) Eisse Bravenboer to third
|
Batting: LHB Theodore Conboy
|
0-0: Ball 1-0: Ball 2-0: Called Strike 2-1: Swinging Strike 2-2: Strikes out looking
|
Top of the 1st over - 0 runs, 2 hits, 0 errors, 2 left on base; Pittsburgh 0 - Chicago 0 |
BOTTOM OF THE 1ST |
Chicago Cubs batting - Pitching for Pittsburgh Pirates : RHP Isaburo Ishihara
|
Pitching: RHP Isaburo Ishihara
|
|
Batting: RHB Yasuhide Kasahara
|
0-0: Ball 1-0: Swinging Strike 1-1: SINGLE (Groundball, 6S, EV 71.9 MPH) (infield hit)
|
Batting: RHB Elijah Campbell
|
0-0: Called Strike 0-1: Ball 1-1: Ball 2-1: Fielders Choice at 2nd, 5-4 (Groundball, 5, EV 110.6 MPH)
|
Batting: RHB Efrain Vargas
|
0-0: Fielders Choice at 2nd, 3-6 (Groundball, 34, EV 78.8 MPH)
|
Batting: SHB Terry Tuckfard
|
0-0: Ball 1-0: Called Strike 1-1: Ball 2-1: Swinging Strike 2-2: Foul Ball, location: 2F 2-2: Ground out 1-3 (Groundball, 15S, EV 71.3 MPH)
|
Bottom of the 1st over - 0 runs, 1 hit, 0 errors, 1 left on base; Pittsburgh 0 - Chicago 0 |
TOP OF THE 2ND |
Pittsburgh Pirates batting - Pitching for Chicago Cubs : RHP Chris Ishii
|
Batting: RHB Mike Bates
|
0-0: SINGLE (Groundball, 4S, EV 66.9 MPH) (infield hit)
|
Batting: RHB Raul Mendoza
|
0-0: Ball 1-0: Fly out, F8 (Flyball, 8LM, EV 95.0 MPH)
|
Batting: RHB Mike Thornton
|
0-0: Ball Mike Bates steals 2nd base (no throw) 1-0: Called Strike Mike Bates steals 3rd, throwing error, E2 Mike Bates scores 1-1: Foul Ball, location: 2F 1-2: Strikes out swinging
|
Batting: RHB Lupe Covarrubias
|
0-0: Ball 1-0: Called Strike 1-1: Foul Ball, location: 2F 1-2: Foul Ball, location: 2F 1-2: Ball 2-2: SINGLE (Groundball, 56D, EV 94.4 MPH)
|
Batting: RHB Andrew Robinson
|
0-0: Ball 1-0: Called Strike 1-1: Swinging Strike 1-2: Strikes out swinging
|
Top of the 2nd over - 1 run, 2 hits, 1 error, 1 left on base; Pittsburgh 1 - Chicago 0 |
BOTTOM OF THE 2ND |
Chicago Cubs batting - Pitching for Pittsburgh Pirates : RHP Isaburo Ishihara
|
Batting: RHB Will Leslie
|
0-0: Ball 1-0: Ball 2-0: Ground out 1-3 (Groundball, 13, EV 63.1 MPH)
|
Batting: SHB Art Kent
|
0-0: Swinging Strike 0-1: Ball 1-1: Called Strike 1-2: Fly out, F8 (Flyball, 78XD, EV 91.9 MPH)
|
Batting: RHB Steve Bui
|
0-0: Ball 1-0: Foul Ball, location: 2F 1-1: Foul Ball, location: 2F 1-2: Ball 2-2: Fly out, F3 (Popup, 3SF, EV 63.1 MPH)
|
Bottom of the 2nd over - 0 runs, 0 hits, 0 errors, 0 left on base; Pittsburgh 1 - Chicago 0 |
TOP OF THE 3RD |
Pittsburgh Pirates batting - Pitching for Chicago Cubs : RHP Chris Ishii
|
Batting: RHB Eisse Bravenboer
|
0-0: Called Strike 0-1: Called Strike 0-2: Fly out, F9 (Flyball, 9S, EV 95.6 MPH)
|
Batting: SHB Marvin McAleer
|
0-0: Ball 1-0: Fly out, F1 (Popup, P, EV 86.9 MPH)
|
Batting: RHB Steve Jordan
|
0-0: Ball 1-0: Ball 2-0: Called Strike 2-1: Swinging Strike 2-2: Strikes out swinging
|
Top of the 3rd over - 0 runs, 0 hits, 0 errors, 0 left on base; Pittsburgh 1 - Chicago 0 |
BOTTOM OF THE 3RD |
Chicago Cubs batting - Pitching for Pittsburgh Pirates : RHP Isaburo Ishihara
|
Batting: RHB Adam O'Hare
|
0-0: Fly out, F2 (Popup, 3SF, EV 76.3 MPH)
|
Batting: RHB Jamie Ogilvie
|
0-0: Foul Ball, location: 2F 0-1: Ball 1-1: Foul Ball, location: 2F 1-2: Strikes out swinging
|
Batting: RHB Yasuhide Kasahara
|
0-0: Fly out, F7 (Line Drive, 7, EV 100.6 MPH)
|
Bottom of the 3rd over - 0 runs, 0 hits, 0 errors, 0 left on base; Pittsburgh 1 - Chicago 0 |
TOP OF THE 4TH |
Pittsburgh Pirates batting - Pitching for Chicago Cubs : RHP Chris Ishii
|
Batting: LHB Theodore Conboy
|
0-0: Ball 1-0: Called Strike 1-1: Foul Ball, location: 2F 1-2: Strikes out swinging
|
Batting: RHB Mike Bates
|
0-0: Ball 1-0: Ball 2-0: Called Strike 2-1: Ball 3-1: Ground out U3 (Groundball, 3L, EV 85.6 MPH)
|
Batting: RHB Raul Mendoza
|
0-0: Ball 1-0: Swinging Strike 1-1: Swinging Strike 1-2: Ball 2-2: Strikes out looking
|
Top of the 4th over - 0 runs, 0 hits, 0 errors, 0 left on base; Pittsburgh 1 - Chicago 0 |
BOTTOM OF THE 4TH |
Chicago Cubs batting - Pitching for Pittsburgh Pirates : RHP Isaburo Ishihara
|
Batting: RHB Elijah Campbell
|
0-0: Called Strike 0-1: Called Strike 0-2: Ball 1-2: Ball 2-2: Strikes out looking
|
Batting: RHB Efrain Vargas
|
0-0: Ball 1-0: Reached on error, E6 (Groundball, 6MS, EV 65.0 MPH)
|
Batting: SHB Terry Tuckfard
|
0-0: Foul Ball, location: 2F 0-1: Fly out, F8 (Line Drive, 8RM, EV 88.8 MPH)
|
Batting: RHB Will Leslie
|
0-0: Called Strike 0-1: Ball 1-1: Foul Ball, location: 2F 1-2: Ball 2-2: Foul Ball, location: 2F 2-2: Foul Ball, location: 2F 2-2: Ball 3-2: Foul Ball, location: 2F 3-2: SINGLE (Line Drive, 5D, EV 95.6 MPH) Efrain Vargas to second Efrain Vargas to third
|
Batting: SHB Art Kent
|
0-0: Fly out, F8 (Flyball, 78M, EV 80.0 MPH)
|
Bottom of the 4th over - 0 runs, 1 hit, 1 error, 2 left on base; Pittsburgh 1 - Chicago 0 |
TOP OF THE 5TH |
Pittsburgh Pirates batting - Pitching for Chicago Cubs : RHP Chris Ishii
|
Batting: RHB Mike Thornton
|
0-0: Called Strike 0-1: Foul Ball, location: 2F 0-2: Ground out 6-3 (Groundball, 6, EV 86.9 MPH)
|
Batting: RHB Lupe Covarrubias
|
0-0: Ball 1-0: Ball 2-0: Foul Ball, location: 2F 2-1: Foul Ball, location: 2F 2-2: Foul Ball, location: 2F 2-2: Foul Ball, location: 2F 2-2: Ball 3-2: Base on Balls
|
Batting: RHB Andrew Robinson
|
0-0: Called Strike 0-1: Ball 1-1: Ball 2-1: Ball 3-1: Grounds into double play, 5-4-3 (Groundball, 56S, EV 80.0 MPH)
|
Top of the 5th over - 0 runs, 0 hits, 0 errors, 0 left on base; Pittsburgh 1 - Chicago 0 |
BOTTOM OF THE 5TH |
Chicago Cubs batting - Pitching for Pittsburgh Pirates : RHP Isaburo Ishihara
|
Batting: RHB Steve Bui
|
0-0: Foul Ball, location: 2F 0-1: Foul Ball, location: 2F 0-2: Ground out 5-3 (Groundball, 56, EV 105.6 MPH)
|
Batting: RHB Adam O'Hare
|
0-0: Ball 1-0: Foul Ball, location: 2F 1-1: Ball 2-1: Swinging Strike 2-2: Strikes out looking
|
Batting: RHB Jamie Ogilvie
|
0-0: Foul Ball, location: 2F 0-1: Ball 1-1: Reached on error, E6 (Groundball, 6, EV 85.6 MPH)
|
Batting: RHB Yasuhide Kasahara
|
0-0: Fly out, F1 (Line Drive, P, EV 70.6 MPH)
|
Bottom of the 5th over - 0 runs, 0 hits, 1 error, 1 left on base; Pittsburgh 1 - Chicago 0 |
TOP OF THE 6TH |
Pittsburgh Pirates batting - Pitching for Chicago Cubs : RHP Chris Ishii
|
Batting: RHB Eisse Bravenboer
|
0-0: Called Strike 0-1: Ball 1-1: Ball 2-1: Called Strike 2-2: Ball 3-2: Strikes out swinging
|
Batting: SHB Marvin McAleer
|
0-0: Foul Ball, location: 2F 0-1: Foul Ball, location: 2F 0-2: DOUBLE (Line Drive, 7LS, EV 96.9 MPH)
|
Batting: RHB Steve Jordan
|
0-0: SINGLE (Line Drive, 7S, EV 90.6 MPH) Marvin McAleer to third Runner from 3rd tries for Home, SAFE, throw by LF to home
|
Batting: LHB Theodore Conboy
|
0-0: Ball 1-0: Called Strike Steve Jordan steals 2nd base 1-1: Ball 2-1: Ball 3-1: Base on Balls
|
Batting: RHB Mike Bates
|
0-0: Called Strike Steve Jordan steals 3rd base Theodore Conboy to second 0-1: SINGLE (Groundball, 56D, EV 106.3 MPH) Steve Jordan scores Theodore Conboy to third Runner from 3rd tries for Home, SAFE, throw by LF to home
|
Batting: RHB Raul Mendoza
|
0-0: Ball 1-0: Foul Ball, location: 2F 1-1: Ball 2-1: SINGLE (Groundball, 34D, EV 106.9 MPH) Mike Bates to second Runner from 2nd tries for 3rd, SAFE, throw by RF made at trailing runner, OUT! 9-6
|
Pitching: RHP Tony Ramirez
|
|
Batting: RHB Mike Thornton
|
0-0: Ball 1-0: Ball Wild Pitch! Mike Bates scores 2-0: Ball 3-0: Called Strike 3-1: Foul Ball, location: 2F 3-2: Foul Ball, location: 2F 3-2: Strikes out swinging
|
Top of the 6th over - 4 runs, 4 hits, 0 errors, 0 left on base; Pittsburgh 5 - Chicago 0 |
BOTTOM OF THE 6TH |
Chicago Cubs batting - Pitching for Pittsburgh Pirates : RHP Isaburo Ishihara
|
Batting: RHB Elijah Campbell
|
0-0: Called Strike 0-1: Ball 1-1: Swinging Strike 1-2: Fly out, F7 (Flyball, 7LS, EV 90.6 MPH)
|
Batting: RHB Efrain Vargas
|
0-0: DOUBLE (Line Drive, 3D, EV 107.5 MPH)
|
Batting: SHB Terry Tuckfard
|
0-0: Foul Ball, location: 2F 0-1: Foul Ball, location: 2F 0-2: SINGLE (Flyball, 8LS, EV 95.0 MPH) Efrain Vargas to third Runner from 3rd tries for Home, SAFE, throw by CF to home Terry Tuckfard to second
|
Batting: RHB Will Leslie
|
0-0: Ball 1-0: Ground out 5-3 (Groundball, 56D, EV 93.8 MPH)
|
Batting: SHB Art Kent
|
0-0: Ball 1-0: Ball 2-0: Ball 3-0: Called Strike 3-1: Foul Ball, location: 2F 3-2: Ground out U3 (Groundball, 3, EV 81.3 MPH)
|
Bottom of the 6th over - 1 run, 2 hits, 0 errors, 1 left on base; Pittsburgh 5 - Chicago 1 |
TOP OF THE 7TH |
Pittsburgh Pirates batting - Pitching for Chicago Cubs : RHP Tony Ramirez
|
Batting: RHB Lupe Covarrubias
|
0-0: Swinging Strike 0-1: Foul Ball, location: 2F 0-2: Ball 1-2: Strikes out swinging
|
Batting: RHB Andrew Robinson
|
0-0: Ball 1-0: Called Strike 1-1: Foul Ball, location: 2F 1-2: SOLO HOME RUN (Flyball, 7D, EV 99.4 MPH), Distance : 380 ft
|
Batting: RHB Eisse Bravenboer
|
0-0: Foul Ball, location: 2F 0-1: Ball 1-1: Ball 2-1: Ball 3-1: Base on Balls
|
Batting: SHB Marvin McAleer
|
0-0: Ball Eisse Bravenboer steals 2nd base (no throw) 1-0: Swinging Strike 1-1: Ground out 6-3 (Groundball, P, EV 83.1 MPH) Eisse Bravenboer to third
|
Batting: RHB Steve Jordan
|
0-0: Called Strike 0-1: Called Strike 0-2: Strikes out swinging
|
Top of the 7th over - 1 run, 1 hit, 0 errors, 1 left on base; Pittsburgh 6 - Chicago 1 |
BOTTOM OF THE 7TH |
Chicago Cubs batting - Pitching for Pittsburgh Pirates : RHP Isaburo Ishihara
|
Batting: RHB Steve Bui
|
0-0: Ball 1-0: Ball 2-0: Called Strike 2-1: Ball 3-1: Base on Balls
|
Batting: RHB Adam O'Hare
|
0-0: Foul Ball, location: 2F 0-1: Ball 1-1: Ball 2-1: Swinging Strike 2-2: Strikes out looking
|
Batting: RHB Jamie Ogilvie
|
0-0: Ball 1-0: Fly out, F7 (Flyball, 7S, EV 81.3 MPH)
|
Batting: RHB Yasuhide Kasahara
|
0-0: Ball 1-0: Fielders Choice at 2nd, 6-4 (Groundball, 6, EV 86.9 MPH)
|
Bottom of the 7th over - 0 runs, 0 hits, 0 errors, 1 left on base; Pittsburgh 6 - Chicago 1 |
TOP OF THE 8TH |
Pittsburgh Pirates batting - Pitching for Chicago Cubs : RHP Tony Ramirez
|
Batting: LHB Theodore Conboy
|
0-0: Called Strike 0-1: Foul Ball, location: 2F 0-2: Ball 1-2: Ball 2-2: Ball 3-2: Base on Balls
|
Batting: RHB Mike Bates
|
0-0: Ball 1-0: Called Strike 1-1: Foul Ball, location: 2F 1-2: Ball 2-2: Ball 3-2: Strikes out looking
|
Pitching: RHP Rich Ortega
|
|
Batting: RHB Raul Mendoza
|
0-0: Ball 1-0: Called Strike 1-1: Ball Wild Pitch! Theodore Conboy to second 2-1: Ground out U3 (Groundball, 3S, EV 76.9 MPH) Theodore Conboy to third
|
Batting: RHB Mike Thornton
|
0-0: Fly out, F7 (Line Drive, 7, EV 91.9 MPH)
|
Top of the 8th over - 0 runs, 0 hits, 0 errors, 1 left on base; Pittsburgh 6 - Chicago 1 |
BOTTOM OF THE 8TH |
Chicago Cubs batting - Pitching for Pittsburgh Pirates : RHP Isaburo Ishihara
|
Batting: RHB Elijah Campbell
|
0-0: Ball 1-0: Fly out, F8 (Flyball, 8LD, EV 88.1 MPH)
|
Batting: RHB Efrain Vargas
|
0-0: Foul Ball, location: 2F 0-1: Ball 1-1: Ball 2-1: Ball 3-1: Base on Balls
|
Batting: SHB Terry Tuckfard
|
0-0: Ball 1-0: Ball 2-0: Called Strike 2-1: Fly out, F9 (Flyball, 9LM, EV 87.5 MPH)
|
Batting: RHB Will Leslie
|
0-0: Called Strike 0-1: Ball 1-1: Fly out, F9 (Flyball, 9, EV 86.3 MPH)
|
Bottom of the 8th over - 0 runs, 0 hits, 0 errors, 1 left on base; Pittsburgh 6 - Chicago 1 |
TOP OF THE 9TH |
Pittsburgh Pirates batting - Pitching for Chicago Cubs : RHP Rich Ortega
|
Batting: RHB Lupe Covarrubias
|
0-0: Ground out 4-3 (Groundball, 4, EV 81.3 MPH)
|
Batting: RHB Andrew Robinson
|
0-0: Called Strike 0-1: Ball 1-1: Foul Ball, location: 2F 1-2: Ground out 6-3 (Groundball, 6M, EV 91.3 MPH)
|
Batting: RHB Eisse Bravenboer
|
0-0: Ball 1-0: Ball 2-0: Called Strike 2-1: DOUBLE (Line Drive, 9LM, EV 107.5 MPH)
|
Batting: SHB Marvin McAleer
|
0-0: Called Strike 0-1: Ball 1-1: Swinging Strike 1-2: Strikes out swinging
|
Top of the 9th over - 0 runs, 1 hit, 0 errors, 1 left on base; Pittsburgh 6 - Chicago 1 |
BOTTOM OF THE 9TH |
Chicago Cubs batting - Pitching for Pittsburgh Pirates : RHP Isaburo Ishihara
|
Batting: SHB Art Kent
|
0-0: Called Strike 0-1: Foul Ball, location: 2F 0-2: Ball 1-2: Foul Ball, location: 2F 1-2: Fly out, F9 (Line Drive, 9S, EV 105.0 MPH)
|
Pitching: RHP Ryan Sunday
|
|
Batting: RHB Steve Bui
|
0-0: Swinging Strike 0-1: SINGLE (Groundball, 56, EV 101.3 MPH)
|
Batting: RHB Adam O'Hare
|
0-0: Called Strike 0-1: Ball 1-1: Swinging Strike 1-2: Ball 2-2: Foul Ball, location: 2F 2-2: Hit by Pitch Steve Bui to second
|
Pinch Hitting: LHB Kevin Norton
|
0-0: Called Strike 0-1: Foul Ball, location: 2F 0-2: Fly out, F8 (Flyball, 8LD, EV 91.9 MPH)
|
Batting: RHB Yasuhide Kasahara
|
0-0: Ball 1-0: Ball 2-0: Swinging Strike 2-1: Ball 3-1: Foul Ball, location: 2F 3-2: Ground out 4-3 (Groundball, 34, EV 89.4 MPH)
|
Bottom of the 9th over - 0 runs, 1 hit, 0 errors, 2 left on base; Pittsburgh 6 - Chicago 1 |
|